 Dungeon Crawl Stone Soup version 0.26-a0-30-g56b8cd3df0 (webtiles) character file.

Game seed: 11553807659110576935, levelgen mode: deterministic

57 vurker the Conjurer (level 3, 0/28 HPs)
             Began as a Draconian Conjurer on May 29, 2020.
             Slain by a centaur (6 damage)
             ... on level 2 of the Dungeon.
             The game lasted 00:02:13 (1693 turns).

vurker the Conjurer (Draconian Conjurer)            Turns: 1693, Time: 00:02:13

Health: 0/28       AC:  6    Str: 10    XL:     3   Next: 73%
Magic:  0/7        EV: 12    Int: 16    God:
Gold:   66         SH:  0    Dex: 11    Spells: 6/7 levels left

rFire    . . .     SeeInvis .   b - +0 dagger
rCold    . . .     Gourm    .   (no shield)
rNeg     . . .     Faith    .   (armour unavailable)
rPois    +         Spirit   .   (helmet restricted)
rElec    .         Reflect  .   (no cloak)
rCorr    .         Harm     .   (no gloves)
MR       .....                  f - +0 pair of boots
Stlth    ++........             i - amulet of the acrobat
HPRegen  0.09/turn              d - ring of poison resistance
MPRegen  0.10/turn              (no ring)

@: no status effects
A: unfitting armour, cold-blooded, AC +5
a: no special abilities


You were on level 2 of the Dungeon.
You were not hungry.

You visited 1 branch of the dungeon, and saw 2 of its levels.

You collected 66 gold pieces.

Inventory:

Hand Weapons
 b - a +0 dagger (weapon)
   (You took it off a kobold on level 1 of the Dungeon)
Armour
 f - a +0 pair of boots (worn)
   (You found it on level 1 of the Dungeon)
Jewellery
 d - a ring of poison resistance (left hand)
   (You found it on level 2 of the Dungeon)
 i - an amulet of the acrobat (around neck)
   (You found it on level 1 of the Dungeon)
Scrolls
 a - 2 scrolls of identify {unknown}
 c - a scroll of immolation {unknown}
 g - a scroll of fear {unknown}
Potions
 h - a potion of magic {unknown}
 j - a potion of curing {unknown}
Comestibles
 e - 7 rations
 k - 5 chunks of flesh


   Skills:
 + Level 1.3 Fighting
 - Level 1.7 Dodging
 - Level 1.7 Stealth
 * Level 2.8 Spellcasting
 * Level 4.6 Conjurations


You had 6 spell levels left.
You knew the following spells:

 Your Spells              Type           Power        Failure   Level  Hunger
a - Magic Dart            Conj           ###.         2%          1    #......

Your spell library contained the following spells:

 Spells                   Type           Power        Failure   Level  Hunger
 Searing Ray              Conj           ###...       4%          2    ##.....
 Dazzling Flash           Conj/Hex       #.....       22%         3    ###....
 Fulminant Prism          Conj/Hex       #.........   58%         4    #####..
 Iskenderun's Mystic Bla  Conj/Tloc      #.......     58%         4    #####..


Dungeon Overview and Level Annotations

Branches:
Dungeon (2/15)

Altars:

Annotations:
D:2 Robin


Innate Abilities, Weirdness & Mutations

Your plain brown scales are hard. (AC +5)
You cannot fit into any form of body armour.
You are cold-blooded and may be slowed by cold attacks.


Message History

You kill the goblin!
Robin roars a battlecry!
The goblins go into a battle-frenzy!
The goblin unwields a +0 dagger.
The goblin wields a cursed -1 hunting sling.
The goblin shoots a stone.
The stone barely misses you.
You hear a shout! x2
The goblin shoots a stone.
The stone completely misses you.
You see here 2 stones.
Aim: a goblin, wielding a -1 hunting sling and quivering 21 stones (strong)
The magic dart hits the goblin.
You kill the goblin!
You can't see any susceptible monsters within range! (Use Z to cast anyway.)
Your magical contamination has completely faded away.
A centaur comes into view.
You see here a +0 whip.
Aim: a centaur, quivering 25 arrows (wandering, hasn't noticed you)
The magic dart hits the centaur but does no damage.
The centaur shouts!
The centaur wields a +1 vorpal shortbow.
The centaur shoots an arrow.
The arrow hits you!
The centaur shoots an arrow.
The arrow barely misses you.
Things that are here:
an arrow; a +0 whip The goblin misses you.
The centaur shoots an arrow.
The arrow misses you.
You see here an arrow.
You hit the goblin.
You kill the goblin!
The centaur shoots an arrow.
The arrow hits you but does no damage.
You see here a +0 dagger.
You start resting.
The centaur is too close now for your liking.
The centaur shoots an arrow.
The arrow completely misses you.
You see here an arrow.
The centaur unwields a +1 vorpal shortbow.
The centaur completely misses you.
You see here a +0 dagger.
You hit the centaur. The centaur closely misses you. The centaur hits you!
* * * LOW HITPOINT WARNING * * *
Aim: a centaur, quivering 20 arrows (lightly wounded)
The magic dart hits the centaur.
The centaur closely misses you.
Aim: a centaur, quivering 20 arrows (moderately wounded)
The magic dart hits the centaur.
The centaur hits you.
* * * LOW HITPOINT WARNING * * *
The centaur misses you.
You hit the centaur but do no damage.
Your tail-slap misses the centaur.
The centaur barely misses you.
You hit the centaur but do no damage. The centaur completely misses you.
The centaur hits you.
You die...

#.#
#.................#
#g#
####......÷.......#
#.#
#..............#
#.#
#....(.).......#
#.#
##............##
#.# ##(.........##
#.# ##...#########
####.#########c÷###
#.)..)......(@.##
#.....##########
#....## #....#
#....# #....#
#....# #....#
#....#


You could see a centaur.

Vanquished Creatures
  2 oozes (D:1)
  A worm (D:1)
  A leopard gecko (D:1)
  4 bats
  A giant cockroach (D:1)
  10 goblins
  4 hobgoblins
  3 jackals (D:1)
  6 kobolds
  2 ball pythons (D:1)
  2 frilled lizards (D:1)
  6 rats
42 creatures vanquished.

Notes
Turn   | Place    | Note
-------+----------+-------------------------------------------
     0 | D:1      | vurker the Draconian Conjurer began the quest for the Orb.
     0 | D:1      | Reached XP level 1. HP: 14/14 MP: 3/3
   386 | D:1      | Reached XP level 2. HP: 22/22 MP: 1/5
   607 | D:1      | Reached skill level 1 in Fighting
   764 | D:1      | Reached XP level 3. HP: 28/28 MP: 0/6
  1629 | D:2      | Noticed Robin
  1673 | D:2      | Noticed a centaur
  1693 | D:2      | Slain by a centaur

Illustrated notes

Levels and vault maps discovered:
D:1:      elethiomel_arrival_shortcut, layout_basic,
          ebering_dispersal_statue_hall
D:2:      layout_rooms, uniq_robin

Skill      XL: |  1  2 |
---------------+-------+-----
Fighting       | 1 |  1.3
Dodging        | |  1.7
Stealth        | |  1.7
Spellcasting   | |  2.8
Conjurations   | |  4.6

Action                   || total
-------------------------++-------
Melee: Dagger            ||    31
       Tailslap          ||     4
 Cast: Magic Dart        ||    74
  Eat: Chunk             ||     3
Armor: Skin              ||    12
Dodge: Dodged            ||    36

Table legend:
 A = Non-vault XP
 B = Vault XP
 C = Vault XP percentage of total XP
 D = Non-vault monster count
 E = Vault monster count
 F = Vault count percentage of total count
                 A         B        C        D         E       F
            +---------+---------+-------+---------+---------+-------
      Total |      70 |      12 |  14.6 |      35 |       7 |  16.7
            +---------+---------+-------+---------+---------+-------
        D:1 |      60 |       0 |   0.0 |      28 |       0 |   0.0
        D:2 |      10 |      12 |  54.5 |       7 |       7 |  50.0
            +---------+---------+-------+---------+---------+-------
